 Dungeon Crawl Stone Soup version 0.29-a0-892-g2c4c91d9db (webtiles) character file.

Game seed: 3087382543467190656

5 kae the Sneak (level 1, -4/18 HPs)
             Began as a Demonspawn Delver on July 22, 2022.
             Killed by nerve-wracking pain
             ... invoked by a shadow imp
              (11 damage)
             ... on level 4 of the Dungeon.
             The game lasted 00:00:22 (190 turns).

kae the Sneak (Demonspawn Delver)                    Turns: 190, Time: 00:00:23

Health: -4/18      AC:  3    Str: 12    XL:     1   Next: 66%
Magic:  1/1        EV: 11    Int: 11    God:
Gold:   0          SH:  0    Dex: 14    Spells: 0/0 levels left

rFire   . . .      SeeInvis .     - Unarmed
rCold   . . .      Faith    .   (no shield)
rNeg    . . .      Spirit   .   a - +0 leather armour
rPois   .          Reflect  .   (no helmet)
rElec   .          Harm     .   (no cloak)
rCorr   .          Rampage  .   (no gloves)
Will    .....                   (no boots)
Stlth   ++........              (no amulet)
HPRegen 0.06/turn               (no ring)
MPRegen 0.07/turn               (no ring)

@: no status effects
A: no striking features
a: no special abilities


You were on level 4 of the Dungeon.
You visited 1 branch of the dungeon, and saw 2 of its levels.


   Skills:
 - Level 3.0 Fighting
 - Level 1.7 Dodging
 - Level 4.5 Stealth
 + Level 2.2 Unarmed Combat


You couldn't memorise any spells.
You didn't know any spells.
Your spell library was empty.

Inventory:

Hand Weapons
 g - a +2 arbalest of flaming
   (You found it on level 5 of the Dungeon)
Armour
 a - a +0 leather armour (worn)
Wands
 f - a wand of digging (3)
Scrolls
 b - a scroll of fog
 c - a scroll of magic mapping {!r}
 d - a scroll of fear
Potions
 e - a potion of haste {@q3}

Dungeon Overview and Level Annotations

Branches:
Dungeon (5/15) Zot: 11809
 Temple: D:4-7

Altars:

.#......
#......
...... #....
###....
#.....#
##...#
#$..@#
#....5......
##..........
#####..)...
#..... ....#
.### .#


You could see a shadow imp.


Message History

😕 HP[-1]
You take 1 damage, and now have 17/18 hp.
You clumsily bash the ufetubus but do no damage.
The ufetubus hits you. The ufetubus barely misses you. The ufetubus hits you.
The ufetubus barely misses you. x2; The ufetubus closely misses you. 😮 HP[-5]
You take 5 damage, and now have 12/18 hp.
MASSIVE DAMAGE!! (PAUSE)
Your +2 arbalest of flaming stops flaming.
You are now empty-handed.
You hit the ufetubus. The ufetubus closely misses you.
The ufetubus barely misses you.
You miss the ufetubus. The ufetubus closely misses you. x2
The ufetubus barely misses you. The ufetubus completely misses you.
You closely miss the ufetubus.
The ufetubus hits you but does no damage.
The ufetubus hits you.
* * * LOW HITPOINT WARNING * * *
😨 HP[-3]
You take 3 damage, and now have 9/18 hp.
You closely miss the ufetubus. The ufetubus closely misses you. x2
You hit the ufetubus.
The ufetubus hits you but does no damage.
The ufetubus closely misses you. x2; The ufetubus hits you.
* * * LOW HITPOINT WARNING * * *
😨 HP[-3]
You take 3 damage, and now have 6/18 hp.
You hit the ufetubus. The ufetubus barely misses you. The ufetubus hits you.
* * * LOW HITPOINT WARNING * * *
😨 HP[-1]
You take 1 damage, and now have 5/18 hp.
You miss the ufetubus. The ufetubus hits you.
* * * LOW HITPOINT WARNING * * *
The ufetubus barely misses you.
The ufetubus hits you but does no damage.
The ufetubus closely misses you. 😱 HP[-1]
You take 1 damage, and now have 4/18 hp.
You closely miss the ufetubus. The ufetubus barely misses you.
The ufetubus closely misses you.
You closely miss the ufetubus. The ufetubus barely misses you.
The ufetubus hits you.
* * * LOW HITPOINT WARNING * * *
😱 HP[-2]
You take 2 damage, and now have 2/18 hp.
You hit the ufetubus.
You kill the ufetubus!
Your Unarmed Combat skill increases to level 2!
Found a stone staircase leading up.
You start resting.
A shadow imp comes into view. 😮 HP[+8]
You regained 8 hp, and now have 10/18 hp.
You start resting.
A shadow imp is nearby! 😮 HP[+1]
An orc comes into view. It is wielding a +0 dagger.
The shadow imp shouts, "Get thee hence, thou gorbellied saucy flim-flammer!"
The orc shouts!
A phantom comes into view.
You closely miss the shadow imp. The shadow imp barely misses you.
There is a stone staircase leading up here.
The shadow imp hits you.
* * * LOW HITPOINT WARNING * * *
You climb upwards.
There is a stone staircase leading down here. 😨 HP[-3]
You take 3 damage, and now have 8/18 hp.
You hit the shadow imp but do no damage.
The shadow imp barely misses you.
You hit the shadow imp but do no damage.
The shadow imp hits you but does no damage.
You hit the shadow imp. The shadow imp gestures at you.
Pain shoots through your body!
* * * LOW HITPOINT WARNING * * *
😨 HP[-2]
You take 2 damage, and now have 6/18 hp.
You hit the shadow imp. The shadow imp closely misses you.
You hit the shadow imp but do no damage.
You barely miss the shadow imp. The shadow imp barely misses you.
You hit the shadow imp but do no damage.
You punch the shadow imp, but do no damage.
The shadow imp completely misses you.
You barely miss the shadow imp.
The shadow imp barely misses you. 😨 HP[+1]
You closely miss the shadow imp. The shadow imp barely misses you.
You barely miss the shadow imp.
The shadow imp hits you but does no damage.
You closely miss the shadow imp. The shadow imp barely misses you.
You barely miss the shadow imp. The shadow imp barely misses you.
You hit the shadow imp but do no damage.
The shadow imp misses you.
You barely miss the shadow imp.
The shadow imp hits you but does no damage.
You hit the shadow imp but do no damage.
The shadow imp gestures at you. Pain shoots through your body!
Ouch! That really hurt!
You die...

Skill      XL: |  1 |
---------------+----+-----
Unarmed Combat | 2 |  2.2
Fighting       | |  3.0
Dodging        | |  1.7
Stealth        | |  4.5

Action                   || total
-------------------------++-------
Melee: Unarmed           ||    26
       Arbalest          ||     4
       Punch             ||     1
Armor: Leather armour    ||     8
Dodge: Dodged            ||    39

Levels and vault maps discovered:
D:4:      layout_cave_pools, mainiacjoe_overflow_alcove_4, uniq_natasha,
          uniq_crazy_yiuf_cottage
D:5:      layout_rooms, grunt_gozag_breadcrumbs, minmay_temple_entry_junction,
          serial_shops, kennysheep_little_box, minmay_misc_feat_rows

Notes
Turn   | Place    | Note
-------+----------+-------------------------------------------
     0 | D:5      | kae the Demonspawn Delver began the quest for the Orb.
     0 | D:5      | Reached XP level 1. HP: 18/18 MP: 1/1
     0 | D:5      | magus.rc [v1.11.3]
    26 | D:5      | HP: 4/18 [ufetubus (1)]
    30 | D:5      | Reached skill level 2 in Unarmed Combat
   169 | D:5      | Noticed a phantom
   190 | D:4      | Killed from afar by a shadow imp

Vanquished Creatures
  An ufetubus (D:5)
1 creature vanquished.

Table legend:
 A = Non-vault XP
 B = Vault XP
 C = Vault XP percentage of total XP
 D = Non-vault monster count
 E = Vault monster count
 F = Vault count percentage of total count
                 A         B        C        D         E       F
            +---------+---------+-------+---------+---------+-------
      Total |       8 |       0 |   0.0 |       1 |       0 |   0.0
            +---------+---------+-------+---------+---------+-------
        D:5 |       8 |       0 |   0.0 |       1 |       0 |   0.0
            +---------+---------+-------+---------+---------+-------

Illustrated notes

Table legend:
 A = Kills in this place as a percentage of kills in entire the game.
 B = Kills by you in this place as a percentage of kills by you in the entire game.
 C = Kills by friends in this place as a percentage of kills by friends in the entire game.
 D = Other kills in this place as a percentage of other kills in the entire game.
 E = Experience gained in this place as a percentage of experience gained in the entire game.
 F = Experience gained in this place divided by the number of levels of this place that you have seen.
                   A       B       C       D       E      F
               +-------+-------+-------+-------+-------+----------------------
         Total | 100.0 | 100.0 |   N/A |   N/A | 100.0 |   4.0
       Dungeon | 100.0 | 100.0 |   N/A |   N/A | 100.0 |   4.0
               +-------+-------+-------+-------+-------+----------------------

Table legend: (Time is in decaauts)
 A = Elapsed time spent in this place.
 B = Non-inter-level travel time spent in this place.
 C = Inter-level travel time spent in this place.
 D = Time resting spent in this place.
 E = Time spent auto-exploring this place.
 F = Levels seen in this place.
 G = Mean time per level.
                   A        B        C        D        E       F      G
               +--------+--------+--------+--------+--------+-----+--------+
         Total |    189 |    189 |      0 |    133 |      6 |   2 |   94.5 |
       Dungeon |    189 |    189 |      0 |    133 |      6 |   2 |   94.5 |
               +--------+--------+--------+--------+--------+-----+--------+

Top non-repeatable levels by time:
     D:5: 175 daAuts
     D:4: 14 daAuts
